 Dungeon Crawl Stone Soup version 0.31-a0-202-g547052bce9 (webtiles) character file.

Game seed: 18332119883715465758

358 ragingrage the Shooter (level 6, 0/35 HPs)
             Began as an Octopode Hunter on June 26, 2023.
             Was a Follower of Okawaru.
             Succumbed to a scorpion's poison
             ... on level 4 of the Dungeon.
             The game lasted 00:02:35 (2313 turns).

ragingrage the Shooter (Octopode Hunter)            Turns: 2313, Time: 00:02:35

Health: 0/35       AC:  1    Str: 11    XL:     6   Next: 64%
Magic:  7/15       EV: 13    Int: 11    God:    Okawaru [*.....]
Gold:   209        SH:  0    Dex: 17    Spells: 5/5 levels left

rFire   . . .        a - +0 shortbow
rCold   . . .        (shield currently unavailable)
rNeg    . . .        (helmet restricted)
rPois   .            (no amulet)
rElec   .            n - ring of wizardry
rCorr   .            e - ring of magical power
SInv    .            (no ring)
Will    .....        (no ring)
Stlth   +++          (no ring)
HPRegen 0.25/turn    (no ring)
MPRegen 0.14/turn    (no ring)
                     (no ring)

%: wizardry (x1)
@: lethally poisoned (0 -> -9), unable to drink
A: almost no armour, amphibious, 8 rings, camouflage 1, gelatinous body 1,
(nimble swimmer 1), tentacles, frail 1, screaming 1, inability to drink after
injury 1
a: Renounce Religion, Heroism


You were on level 4 of the Dungeon.
You worshipped Okawaru.
Okawaru was aware of your devotion.
You visited 1 branch of the dungeon, and saw 4 of its levels.

You collected 209 gold pieces.

Inventory:

Hand Weapons
 a - a +0 shortbow (weapon)
Missiles
 h - 6 poisoned darts
Jewellery
 e - a ring of magical power (right tentacle)
 n - a ring of wizardry (left tentacle)
Scrolls
 b - a scroll of butterflies
 c - 3 scrolls of identify
 f - a scroll of revelation
 j - 2 scrolls of fear {unknown}
 k - a scroll of torment {unknown}
 l - a scroll of poison {unknown}
 m - a scroll of brand weapon {unknown}
 o - a scroll of teleportation {unknown}
 p - a scroll of vulnerability {unknown}
 q - a scroll of acquirement {unknown}
 s - a scroll of blinking {unknown}
Potions
 d - a potion of lignification


   Skills:
 - Level 2.0 Fighting
 + Level 7.5 Ranged Weapons
 - Level 2.0 Dodging
 - Level 3.0 Stealth


You had 5 spell levels left.
You didn't know any spells.
Your spell library contained the following spells:

 Spells                   Type           Power      Damage    Failure   Level
 Sublimation of Blood     Necr           0%         N/A       21%         2
 Petrify                  Tmut/Erth      0%         N/A       77%         4
 Irradiate                Conj/Tmut      0%         3d11      98%         5
 Summon Small Mammal      Summ           Unusable   N/A       N/A         1
 Call Canine Familiar     Summ           Unusable   N/A       N/A         3
 Summon Guardian Golem    Hex/Summ       Unusable   N/A       N/A         3

Dungeon Overview and Level Annotations

Branches:
Dungeon (4/15)
 Temple: D:4-7

Altars:
Cheibriados
Okawaru
Sif Muna
Vehumet

Annotations:
D:2 1 runed translucent door, Crazy Yiuf


Innate Abilities, Weirdness & Mutations

You cannot wear most types of armour.
You are amphibious.
You can wear up to eight rings at the same time.
Your skin changes colour to match your surroundings (Stealth+).
Your rubbery body absorbs attacks. (AC +1, EV +1)
((You are camouflaged when in or above water. (Stealth+)))
You have tentacles for arms and can constrict up to eight enemies at once.
You are frail. (-10% HP)
You occasionally shout uncontrollably at your foes.
You occasionally lose the ability to drink potions when taking damage.


Message History

A scorpion comes into view.
You feel your magic capacity increase.
e - a ring of magical power (right tentacle)
You shoot an arrow. The arrow hits the scorpion.
You shoot an arrow. The arrow hits the scorpion.
You shoot an arrow.
The arrow completely misses the scorpion.
You shoot an arrow.
The arrow hits the scorpion but does no damage.
You shoot an arrow.
The arrow hits the scorpion but does no damage.
You shoot an arrow. The arrow closely misses the scorpion.
The scorpion stings you. The scorpion stings you!
You are too injured to fight recklessly!
You shoot an arrow.
The arrow hits the scorpion but does no damage.
The scorpion stings you.
You shoot an arrow.
The arrow hits the scorpion but does no damage.
The scorpion stings you.
You shoot an arrow.
The arrow hits the scorpion but does no damage.
The scorpion completely misses you.
You shoot an arrow. The arrow hits the scorpion.
The scorpion stings you.
You shoot an arrow. The arrow barely misses the scorpion.
The scorpion stings you. x2
You feel threatened and lose the ability to drink potions!
* * * LOW HITPOINT WARNING * * *
You are lethally poisoned!
The scorpion poisons you!
Unknown command.
You cannot drink potions in your current state!
You shoot an arrow. The arrow hits the scorpion!
* * * LOW HITPOINT WARNING * * *
You feel very sick. The scorpion misses you.
You shoot an arrow. The arrow hits the scorpion.
You kill the scorpion!
Okawaru accepts your kill.
You die...

#)##.......☼☼☼......
#........§°.........
..)........##...... .
.................. ..
...)..........##.# ...
....##.........#.# ....
....##.......#.#.# .....
.....#.......#...#......
.....#.......#..@†.#
.....#.......#.....#
.....#.......#........
#.......#.....#....
#.......###...# ...
#..># .. ..... . ....#.


There were no monsters in sight!

Vanquished Creatures
  An ogre (D:3)
  2 scorpions (D:4)
  2 iguanas (D:4)
  Jessica (D:3)
  4 adders
  2 worms (D:2)
  6 dart slugs
  2 orcs (D:4)
  5 bats
  11 endoplasms
  3 giant cockroaches
  7 goblins
  2 hobgoblins
  8 jackals
  5 quokkas
  5 ball pythons
  4 frilled lizards
  5 kobolds
  9 rats
84 creatures vanquished.

Notes
Turn   | Place    | Note
-------+----------+-------------------------------------------
     0 | D:1      | ragingrage the Octopode Hunter began the quest for the Orb.
     0 | D:1      | Reached XP level 1. HP: 14/14 MP: 1/1
    57 | D:1      | Reached XP level 2. HP: 19/19 MP: 2/2
   234 | D:1      | Reached XP level 3. HP: 24/24 MP: 3/3
   426 | D:1      | Found a faded altar of an unknown god.
   755 | D:2      | Reached skill level 5 in Ranged Weapons
   768 | D:2      | Reached XP level 4. HP: 29/29 MP: 4/4
   859 | D:2      | Found an iron altar of Okawaru.
   970 | D:2      | Became a worshipper of Warmaster Okawaru
  1222 | D:2      | Found a runed translucent door.
  1223 | D:2      | Noticed Crazy Yiuf
  1280 | D:3      | Noticed an ogre
  1572 | D:3      | Found a shimmering blue altar of Sif Muna.
  1703 | D:3      | Found a snail-covered altar of Cheibriados.
  1704 | D:3      | Noticed Jessica
  1705 | D:3      | Killed Jessica
  1706 | D:3      | Reached XP level 5. HP: 34/34 MP: 5/5
  1810 | D:3      | Killed an ogre
  1811 | D:3      | Reached skill level 6 in Ranged Weapons
  1995 | D:4      | Reached XP level 6. HP: 39/39 MP: 6/6
  2033 | D:4      | Reached skill level 7 in Ranged Weapons
  2130 | D:4      | Found a radiant altar of Vehumet.
  2164 | D:4      | Reached * piety under Okawaru
  2171 | D:4      | Gained mutation: You occasionally lose the ability to drink
                  | potions when taking damage. [potion of mutation]
  2171 | D:4      | Gained mutation: You occasionally shout uncontrollably at
                  | your foes. [potion of mutation]
  2171 | D:4      | Gained mutation: You are frail. (-10% HP) [potion of
                  | mutation]
  2313 | D:4      | Succumbed to a scorpion's poison

Illustrated notes

Levels and vault maps discovered:
D:1:      eino_arrival_tree_alley, layout_rooms,
          dreamdust_ecumenical_altar_statues, minivault_25, minmay_distorted
D:2:      layout_basic, basic_altar, minmay_vboxes, uniq_crazy_yiuf_cottage
D:3:      layout_loops_ring, mainiacjoe_overflow_brackets,
          nicolae_overflow_hidden_temple, uniq_jessica
D:4:      layout_basic, fiery_altar_vehumet, nicolae_grassy_gnolls, uniq_ijyb

Skill      XL: |  1  2  3  4  5  6 |
---------------+-------------------+-----
Stealth        | 2 3 |  3.0
Ranged Weapons | 5 6 7 |  7.5
Fighting       | |  2.0
Dodging        | |  2.0

Action                     |  1- 3 |  4- 6 || total
---------------------------+-------+-------++-------
  Melee: Unarmed           |     1 |     3 ||     4
         Constrict         |     1 |       ||     1
   Fire: Shortbow          |   124 |   137 ||   261
    Use: Potion            |       |     5 ||     5
         Scroll            |       |     1 ||     1
   Stab: Invisible         |       |     2 ||     2
 Armour: Skin              |     4 |     6 ||    10
  Dodge: Dodged            |    16 |    22 ||    38

Table legend: (Time is in decaauts)
 A = Elapsed time spent in this place.
 B = Non-inter-level travel time spent in this place.
 C = Inter-level travel time spent in this place.
 D = Time resting spent in this place.
 E = Time spent auto-exploring this place.
 F = Levels seen in this place.
 G = Mean time per level.
                   A        B        C        D        E       F      G
               +--------+--------+--------+--------+--------+-----+--------+
         Total |   2342 |   2151 |    191 |    103 |   1578 |   4 |  585.5 |
       Dungeon |   2342 |   2151 |    191 |    103 |   1578 |   4 |  585.5 |
               +--------+--------+--------+--------+--------+-----+--------+

Top non-repeatable levels by time:
     D:2: 765 daAuts
     D:3: 699 daAuts
     D:1: 549 daAuts
     D:4: 327 daAuts
